 Dungeon Crawl Stone Soup version 0.18-a0-1670-gb40d73e (webtiles) character file.

707 xeno23 the Ruffian (level 7, -4/68 HPs)
             Began as a Troll Chaos Knight on Apr 1, 2016.
             Slain by a giant frog (9 damage)
             ... on level 6 of the Dungeon.
             The game lasted 00:09:39 (3174 turns).

xeno23 the Ruffian (Troll Chaos Knight)             Turns: 3174, Time: 00:09:40

Health: -4/68      AC:  7    Str: 28    XL:     7   Next: 40%
Magic:  6/6        EV:  8    Int: 11    God:    Xom [....*.]
Gold:   524        SH: 15    Dex: 10    Spells: 0 memorised, 6 levels left

rFire  . . .     SeeInvis .       - Unarmed
rCold  . . .     Gourm    +     a - +2 robe
rNeg   . . .     Faith    .     c - +2 shield
rPois  .         Spirit   .     (helmet restricted)
rElec  .         Dismiss  .     (no cloak)
rCorr  .         Reflect  +     (gloves unavailable)
SustAt .         Harm     .     (boots unavailable)
MR     .....                    r - +4 amulet of reflection
Stlth  +.........               (no ring)
                                (no ring)

@: mighty, drained, not resistant to hostile enchantments, very unstealthy
A: unfitting armour, beak, claws 3, clever 1, fast metabolism 3, gourmand, sense
surroundings 1, regeneration 2, shaggy fur 1, strong 1, tough skin 2
a: Renounce Religion


You were on level 6 of the Dungeon.
You worshipped Xom.
You were a beloved toy of Xom.
You were near starving.

You visited 1 branch of the dungeon, and saw 6 of its levels.
You also visited: Ossuary.

You collected 524 gold pieces.

Inventory:

Missiles
 g - 3 javelins (quivered)
Armour
 a - a +2 robe (worn)
 c - a +2 shield (worn)
Jewellery
 i - an uncursed amulet of rage
 r - a +4 amulet of reflection (around neck)
Wands
 E - a wand of lightning (6/15)
Scrolls
 d - 5 scrolls of remove curse
 e - a scroll of fear {unknown}
 j - 3 scrolls of identify
 l - 3 scrolls of noise
 n - a scroll of immolation {unknown}
 s - 2 scrolls of teleportation {unknown}
 t - a scroll of enchant weapon {unknown}
 u - a scroll of fog {unknown}
 w - a scroll of blinking {unknown}
 y - a scroll of amnesia {unknown}
Potions
 f - a potion of might
 h - 2 potions of degeneration {unknown}
 m - a potion of cancellation {unknown}
 o - a potion of berserk rage {unknown}
 p - a potion of lignification {unknown}
 q - a potion of curing {unknown}
 v - a potion of invisibility {unknown}
 x - a potion of magic {unknown}
 B - a potion of flight {unknown}
 C - 2 potions of heal wounds {unknown}
Comestibles
 b - 5 bread rations
 k - 3 fruits
 z - 2 beef jerkies
 A - 2 meat rations
 D - a royal jelly
 F - 3 chunks of flesh


   Skills:
 + Level 3.8(3.4) Fighting
 + Level 3.2(2.8) Dodging
 * Level 3.4(3.0) Shields
 * Level 5.7(5.3) Unarmed Combat


You had 6 spell levels left.
You didn't know any spells.

Dungeon Overview and Level Annotations

Branches:
Dungeon (6/15)             Temple (0/1) D:6

Altars:
Ashenzari
Dithmenos
Fedhas
Makhleb
Qazlal
Ru


Innate Abilities, Weirdness & Mutations

You are too large for most types of armour.
You have claws for hands.
Your metabolism is lightning-fast.
You like to eat raw meat.
You heal very quickly.
You are covered in fur (AC +1).
You have very tough skin (AC +2).
You have a beak for a mouth.
Your mind is acute. (Int +2)
You passively map a small area around you.
Your muscles are strong. (Str +2)


Message History

Okay, then.
Drink which item? (? for menu, Esc to quit)
It was a potion of might.
You feel very mighty all of a sudden.
Xom roars with laughter!
You block the giant frog's attack.
The giant gecko bites you but does no damage.
You completely miss the giant frog. You block the giant frog's attack.
You block the giant gecko's attack. You block the giant frog's attack.
You scratch the giant frog.
The giant frog is lightly wounded.
The giant gecko bites you but does no damage.
You block the giant frog's attack.
You scratch the giant frog.
The giant frog is lightly wounded.
You block the giant frog's attack. The giant gecko bites you.
* * * LOW HITPOINT WARNING * * *
The giant frog hits you!
You die...
Xom laughs nastily!

##########..# #.#
#####.
.$.########.# ###
*## .......
#...?..$....# #..,
..# ......#
#.########).# #.#
,...l #####.# #.#
#..####.##gz# #
*#.#
#....).sl..g#, #
.# #l#####g###.# *
# #.########.#
###z###g#. #
......F@##.#
#.g.....?.# . ,
........lzg#
#z#########
##.####.#s.###.#
.........##g# , ,
≈≈≈≈.......#.#
≈≈≈≈≈≈≈..$..).# *
≈≈≈≈≈≈≈≈≈≈≈≈..##.#
∆ ,≈≈
≈≈...≈≈≈≈≈≈.##.#
*** ,
≈.>.≈≈≈≈≈≈.##.#


You could see a giant frog, a wight, a gnoll, a giant gecko and a giant
cockroach.

Vanquished Creatures
  An ogre (D:6)
  A gnoll sergeant (D:5)
  A howler monkey (D:4)
  A quasit (D:6)
  A hound (D:5)
  2 human zombies (Ossuary)
  2 orc priests (D:3)
  An orc wizard (D:3)
  2 worker ants (D:4)
  4 big kobold zombies (Ossuary)
  2 mummies (Ossuary)
  4 gnolls
  5 adders
  An ooze (D:2)
  5 worms
  2 dart slugs
  4 giant geckos
  6 orcs (D:3)
  A ball python (D:2)
  4 giant cockroaches
  4 goblins
  7 hobgoblins
  2 jackals (D:2)
  7 kobolds
  3 quokkas
  8 bats
  4 giant newts
  A gnoll zombie (Ossuary)
  A goblin zombie (Ossuary)
  2 hobgoblin zombies (Ossuary)
  4 orc zombies (Ossuary)
  A quokka zombie (D:5)
  5 rats
99 creatures vanquished.

Vanquished Creatures (others)
  A gnoll (D:5)
1 creature vanquished.

Grand Total: 100 creatures vanquished

Notes
Turn   | Place    | Note
--------------------------------------------------------------
     0 | D:1      | xeno23 the Troll Chaos Knight began the quest for the Orb.
     0 | D:1      | Reached XP level 1. HP: 22/22 MP: 0/0
   239 | D:1      | XOM: divination: detect items
   310 | D:1      | XOM: harmless Ice miscast
   312 | D:1      | Reached XP level 2. HP: 29/29 MP: 1/1
   625 | D:2      | XOM: fog
   627 | D:2      | Reached XP level 3. HP: 15/36 MP: 2/2
   649 | D:2      | XOM: divination: detect creatures
   675 | D:2      | XOM: vitrification
   686 | D:2      | XOM: cast spell 'Hydra Form'
   846 | D:2      | Reached skill level 4 in Unarmed Combat
   846 | D:2      | Reached XP level 4. HP: 44/44 MP: 3/3
   867 | D:2      | Found a shattered altar of Ashenzari.
  1037 | D:2      | XOM: god gift: 9 gold pieces
  1146 | D:3      | Found a shadowy altar of Dithmenos.
  1147 | D:3      | Found a blossoming altar of Fedhas.
  1173 | D:3      | Reached skill level 1 in Shields
  1335 | D:3      | XOM: smoke on damage
  1457 | D:3      | Reached XP level 5. HP: 53/53 MP: 4/4
  1778 | D:3      | XOM is BORED!
  1778 | D:3      | XOM: noise
  1980 | D:4      | Reached XP level 6. HP: 61/61 MP: 5/5
  2061 | D:4      | Found a stormy altar of Qazlal.
  2114 | D:4      | Found a sacrificial altar of Ru.
  2399 | D:4      | Found a sand-covered staircase.
  2404 | Ossuary  | Entered an ossuary
  2413 | Ossuary  | XOM: blink monster(s)
  2414 | Ossuary  | XOM: potion effect (agility)
  2457 | Ossuary  | Reached skill level 5 in Unarmed Combat
  2634 | D:4      | Found a burning altar of Makhleb.
  2923 | D:5      | Entered Level 5 of the Dungeon
  2951 | D:5      | XOM: give mutations
  2951 | D:5      | Gained mutation: Your muscles are strong. (Str +2) [Xom's grace]
  2951 | D:5      | Gained mutation: You have a beak for a mouth. [Xom's grace]
  2965 | D:5      | Reached XP level 7. HP: 9/68 MP: 6/6
  3043 | D:5      | XOM: summons friendly white imp
  3046 | D:5      | XOM: 2-stop teleportation journey
  3049 | D:5      | XOM: cast spell 'Chain of Chaos'
  3078 | D:5      | XOM: confuse monster(s)
  3129 | D:6      | XOM: give mutations
  3129 | D:6      | Gained mutation: You passively map a small area around you. [Xom's mischief]
  3129 | D:6      | Gained mutation: Your mind is acute. (Int +2) [Xom's mischief]
  3142 | D:6      | XOM: swap monsters
  3164 | D:6      | Found a staircase to the Ecumenical Temple.
  3168 | D:6      | XOM: divination: detect items
  3174 | D:6      | Slain by a giant frog

Vault maps used:
D:1:      wheals_arrival_shading
D:2:      lemuel_round_altar
D:3:      nicolae_overflow_hidden_temple
D:4:      kennysheep_little_box, nicolae_qazlal_general_emergency,
          enter_ossuary_2, first_bread, nicolae_ru_sacrificial_ziggurat
D:5:      johnstein_pakellas_shop, uniq_sigmund
D:6:      trog_eyes_of_draining, temple_pool_b, serial_shops, shop
Ossuary:  minmay_ossuary_gauntlet

Skill      XL: |  1  2  3  4  5  6 |
---------------+-------------------+-----
Dodging        | 2 3 |  3.2
Unarmed Combat | 4 5 |  5.7
Fighting       | 3 |  3.8
Shields        | 1 2 3 |  3.4

Action                   |  1- 3 |  4- 6 |  7- 9 || total
-------------------------+-------+-------+-------++-------
Melee: Unarmed           |    81 |   263 |    29 ||   373
Throw: Javelin           |       |       |     1 ||     1
  Use: Scroll            |       |       |     2 ||     2
       Potion            |       |       |     1 ||     1
  Eat: Chunk             |     7 |    13 |       ||    20
       Fruit             |     1 |       |       ||     1
